 Dungeon Crawl Stone Soup version 0.31.0-11-ge490571c62 (webtiles) character file.

Game seed: 17559483775438110525

79 Ruich the Gusty (level 4, 0/24 HPs)
             Began as a Tengu Air Elementalist on Feb 9, 2024.
             Killed by their own static electricity (2 damage)
             ... on level 2 of the Dungeon.
             The game lasted 00:06:55 (2776 turns).

Ruich the Gusty (Tengu Air Elementalist)            Turns: 2776, Time: 00:06:56

Health: 0/24       AC:  2    Str: 10    XL:     4   Next: 37%
Magic:  7/9        EV: 12    Int: 15    God:
Gold:   93         SH:  0    Dex: 15    Spells: 5/8 levels left

rFire   . . .        m - +3 dagger
rCold   . . .        (no shield)
rNeg    . . .        a - +0 robe
rPois   .            (helmet restricted)
rElec   .            (no cloak)
rCorr   .            (no gloves)
SInv    .            (boots unavailable)
Will    .....        (no amulet)
Stlth   ++           (no ring)
HPRegen 0.24/turn    (no ring)
MPRegen 0.11/turn

%: acrobat
@: very slightly contaminated
A: beak, talons 3, acrobatic
a: no special abilities


You were on level 2 of the Dungeon.
You visited 1 branch of the dungeon, and saw 2 of its levels.

You collected 93 gold pieces.


Innate Abilities, Weirdness & Mutations

You have a beak for a mouth.
You have claws for feet.
You can magically evade attacks while moving or waiting.


   Skills:
 - Level 2.1 Dodging
 - Level 2.0 Stealth
 + Level 2.8 Spellcasting
 - Level 1.3 Conjurations
 * Level 5.9 Air Magic


You had 5 spell levels left.
You knew the following spells:

 Your Spells              Type           Power      Damage    Failure   Level
t - Static Discharge      Conj/Air       26%        3-5/arc   7%          2
z - Shock                 Conj/Air       52%        1d6       4%          1

Your spell library contained the following spells:

 Spells                   Type           Power      Damage    Failure   Level
 Swiftness                Air            20%        N/A       5%          3
 Airstrike                Air            10%        2d(2-18)  17%         4

Inventory:

Hand Weapons
 m - a +3 dagger (weapon)
Missiles
 c - 65 stones
 e - 3 poisoned darts
Armour
 a - a +0 robe (worn)
Wands
 l - a wand of paralysis (4)
Scrolls
 d - 3 scrolls of identify {unknown}
 h - a scroll of silence {unknown}
 j - a scroll of immolation {unknown}
 k - a scroll of enchant armour {unknown}
Potions
 b - 2 potions of magic
 f - 2 potions of brilliance {unknown}
 g - 2 potions of curing {unknown}

Dungeon Overview and Level Annotations

Branches:
Dungeon (2/15)

Altars:

Shops:
D:1 !

Annotations:
D:2 1 runed translucent door, Crazy Yiuf, Robin

#.# ##..###.##.# #>#
#.########.#....##.#
#.#
#...........######.#
#.#
##########......##.#
#.# # ##.###.##.##
#?# # #.#
#?....@....># # #.#
####.######## #
#.######.# #
#....)@..# #
#######..# # #..#
##### #..#
....#############..#
###.#.)............#
#.#.############.#
#.#.# #.# #.#.#####
#.#


There were no monsters in sight!


Message History

Terence is struck by an arc of lightning.
Terence is almost dead.
The lightning grounds out.
Terence hits you with a +0 hand axe!
* * * LOW HITPOINT WARNING * * *
Unknown command.
Casting: Static Discharge (safe; 7% risk of failure)
Confirm with . or Enter, or press ? or * to list all spells.
You don't have enough magic to cast this spell.
Unknown command.
Terence attacks as he pursues you! Terence completely misses you.
Terence attacks as he pursues you! Terence misses you.
Terence attacks as he pursues you! Terence misses you.
Casting: Static Discharge (safe; 7% risk of failure)
Confirm with . or Enter, or press ? or * to list all spells.
You miscast Static Discharge.
You are very lightly contaminated with residual magic.
Nothing appears to happen.
Terence hits you with a +0 hand axe.
* * * LOW HITPOINT WARNING * * *
Unknown command.
Unknown command.
Terence attacks as he pursues you! Terence completely misses you.
Magic courses through your body. Terence hits you with a +0 hand axe.
* * * LOW HITPOINT WARNING * * *
Unknown command.
Casting: Static Discharge (safe; 7% risk of failure)
Confirm with . or Enter, or press ? or * to list all spells.
Terence is struck by an arc of lightning.
You kill Terence!
You are struck by an arc of lightning.
You die...

Skill      XL: |  1  2 |
---------------+-------+-----
Air Magic      | 5 |  5.9
Dodging        | |  2.1
Stealth        | |  2.0
Spellcasting   | |  2.8
Conjurations   | |  1.3

Action                     |  1- 3 |  4- 6 || total
---------------------------+-------+-------++-------
  Melee: Unarmed           |     2 |       ||     2
         Kick              |     1 |       ||     1
         Peck              |     1 |       ||     1
         Spear             |     4 |       ||     4
   Cast: Shock             |    59 |     9 ||    68
         Static Discharge  |     8 |     5 ||    13
    Use: Potion            |       |     1 ||     1
 Armour: Robe              |    18 |    13 ||    31
  Dodge: Dodged            |    36 |     8 ||    44

Levels and vault maps discovered:
D:1:      minmay_arrival_shattered_statue, layout_loops_corners, serial_shops,
          shop
D:2:      layout_loops_ring, uniq_terence, uniq_crazy_yiuf_cottage, uniq_robin

Notes
Turn   | Place    | Note
-------+----------+-------------------------------------------
     0 | D:1      | Ruich the Tengu Air Elementalist began the quest for the
                  | Orb.
     0 | D:1      | Reached XP level 1. HP: 10/10 MP: 4/4
    54 | D:1      | Found Rixot's Distillery.
   323 | D:1      | Reached XP level 2. HP: 15/15 MP: 4/6
   576 | D:1      | You fall into a shaft and drop 1 floor!
   604 | D:2      | Learned a level 2 spell: Static Discharge
  1340 | D:2      | Reached skill level 5 in Air Magic
  1410 | D:2      | Reached XP level 3. HP: 19/19 MP: 4/7
  1488 | D:2      | Noticed Terence
  2092 | D:2      | Reached XP level 4. HP: 24/24 MP: 3/9
  2360 | D:2      | Found a runed translucent door.
  2361 | D:2      | Noticed Crazy Yiuf
  2363 | D:2      | Noticed Robin
  2775 | D:2      | HP: 2/24 [Terence/+0 hand axe (6)]
  2776 | D:2      | Killed Terence
  2776 | D:2      | Killed from afar by themself

Vanquished Creatures
  Terence (D:2)
  4 adders (D:2)
  A ribbon worm (D:2)
  2 bats
  7 endoplasms
  A goblin (D:2)
  2 hobgoblins
  7 jackals
  A quokka (D:1)
  4 ball pythons
  A frilled lizard (D:2)
  3 kobolds
  3 rats (D:1)
37 creatures vanquished.

Table legend: (Time is in decaauts)
 A = Elapsed time spent in this place.
 B = Non-inter-level travel time spent in this place.
 C = Inter-level travel time spent in this place.
 D = Time resting spent in this place.
 E = Time spent auto-exploring this place.
 F = Levels seen in this place.
 G = Mean time per level.
                   A        B        C        D        E       F      G
               +--------+--------+--------+--------+--------+-----+--------+
         Total |   2776 |   2706 |     70 |    671 |   1564 |   2 | 1388.0 |
       Dungeon |   2776 |   2706 |     70 |    671 |   1564 |   2 | 1388.0 |
               +--------+--------+--------+--------+--------+-----+--------+

Top non-repeatable levels by time:
     D:2: 1511 daAuts
     D:1: 1265 daAuts

Table legend:
 A = Non-vault XP
 B = Vault XP
 C = Vault XP percentage of total XP
 D = Non-vault monster count
 E = Vault monster count
 F = Vault count percentage of total count
                 A         B        C        D         E       F
            +---------+---------+-------+---------+---------+-------
      Total |     113 |      36 |  24.2 |      36 |       1 |   2.7
            +---------+---------+-------+---------+---------+-------
        D:1 |      25 |       0 |   0.0 |      15 |       0 |   0.0
        D:2 |      88 |      36 |  29.0 |      21 |       1 |   4.5
            +---------+---------+-------+---------+---------+-------
